 Dungeon Crawl Stone Soup version 0.24-a0-203-gf0bc1e94ae (webtiles) character file.

Game seed: 15015613700716199298

44 HYPERHYPER the Skirmisher (level 3, -2/34 HPs)
             Began as a Minotaur Fighter on Mar 28, 2019.
             Slain by an ogre
             ... wielding a +0 giant club
              (8 damage)
             ... on level 2 of the Dungeon.
             The game lasted 00:00:42 (913 turns).

HYPERHYPER the Skirmisher (Minotaur Fighter)         Turns: 913, Time: 00:00:42

Health: -2/34      AC:  7    Str: 21    XL:     3   Next: 39%
Magic:  2/2        EV:  7    Int:  5    God:
Gold:   60         SH:  9    Dex:  9    Spells: 2/2 levels left

rFire    . . .     SeeInvis .   a - +0 war axe
rCold    . . .     Gourm    .   m - +0 shield {reflect}
rNeg     . . .     Faith    .   b - +0 scale mail
rPois    .         Spirit   .   (helmet restricted)
rElec    .         Reflect  +   (no cloak)
rCorr    .         Harm     .   (no gloves)
MR       .....                  (no boots)
Stlth    ..........             (no amulet)
HPRegen  0.11/turn              (no ring)
MPRegen  0.08/turn              (no ring)

@: no status effects
A: retaliatory headbutt, horns 2
a: no special abilities


You were on level 2 of the Dungeon.
You were not hungry.

You visited 1 branch of the dungeon, and saw 2 of its levels.

You collected 60 gold pieces.

Inventory:

Hand Weapons
 a - a +0 war axe (weapon)
Armour
 b - a +0 scale mail (worn)
 m - a +0 shield of reflection (worn)
   (You found it on level 2 of the Dungeon)
Jewellery
 p - an uncursed amulet of faith {unknown}
   (You found it on level 2 of the Dungeon)
Scrolls
 j - 2 scrolls of identify {unknown}
 k - a scroll of enchant armour {unknown}
 l - 2 scrolls of remove curse {unknown}
 n - a scroll of teleportation {unknown}
 o - a scroll of enchant weapon {unknown}
 q - a scroll of blinking {unknown}
Potions
 c - a potion of ambrosia {unknown}
 d - a potion of might
 f - a potion of curing {unknown}
 g - 2 potions of invisibility {unknown}
 i - 2 potions of heal wounds {unknown}
Comestibles
 e - 6 rations
 h - 2 chunks of flesh


   Skills:
 * Level 4.3 Fighting
 * Level 3.2 Axes
 + Level 3.9 Armour
 + Level 0.8 Dodging
 + Level 3.9 Shields


You had 2 spell levels left.
You didn't know any spells.
Your spell library was empty.

Dungeon Overview and Level Annotations

Branches:
Dungeon (2/15)

Altars:
Hepliaklqana
Okawaru


Innate Abilities, Weirdness & Mutations

You reflexively headbutt those who attack you in melee.
You have a pair of horns on your head.


Message History

The ogre hits you with a +0 giant club!
* * * LOW HITPOINT WARNING * * *
You are too injured to fight recklessly!
You are too injured to fight recklessly!
You are too injured to fight recklessly!
You are too injured to fight recklessly!
You are too injured to fight recklessly!
You are too injured to fight recklessly!
You are too injured to fight recklessly!
You slash the ogre!
The ogre is heavily wounded.
You block the ogre's attack.
You hit the ogre but do no damage.
The ogre is heavily wounded.
You block the ogre's attack.
Unknown command.
You barely miss the ogre. You headbutt the ogre.
The ogre is severely wounded.
The ogre hits you with a +0 giant club!
You die...

### ##_##
##...##
#8...8# #.O.#
#@# #'#♣###
##### ♣...'.#
....# #'#♣#.#
....#
##.###.#
....#
#...##.#
....#
#8...8#.# ###
....#
######...##.#
#.. #.###
#....##_##..#
#..


You could see an ogre.

Vanquished Creatures
  An ooze (D:2)
  2 dart slugs (D:2)
  2 leopard geckos
  A giant cockroach (D:1)
  A hobgoblin (D:2)
  4 jackals (D:1)
  8 kobolds
  3 bats
  A frilled lizard (D:1)
  5 goblins
  5 rats
33 creatures vanquished.

Notes
Turn   | Place    | Note
-------+----------+-------------------------------------------
     0 | D:1      | HYPERHYPER the Minotaur Fighter began the quest for the
                  | Orb.
     0 | D:1      | Reached XP level 1. HP: 19/19 MP: 0/0
   263 | D:1      | Reached XP level 2. HP: 24/27 MP: 1/1
   369 | D:1      | Reached skill level 4 in Fighting
   496 | D:2      | Found a faded altar of an unknown god.
   565 | D:2      | Reached XP level 3. HP: 33/33 MP: 2/2
   900 | D:2      | Found a hazy altar of Hepliaklqana.
   907 | D:2      | Found an iron altar of Okawaru.
   907 | D:2      | Noticed an ogre
   913 | D:2      | Slain by an ogre

Levels and vault maps discovered:
D:1:      onia_arrival_pyramid, layout_rooms, chequers_hall_statues_y,
          nrook_campfire
D:2:      layout_rooms, amethyst_overflow_temple_binary,
          chequers_ecumenical_altar_simple

Skill      XL: |  1  2 |
---------------+-------+-----
Fighting       | 4 |  4.3
Axes           | 3 |  3.2
Armour         | |  3.9
Dodging        | |  0.8
Shields        | |  3.9

Action                   || total
-------------------------++-------
Melee: War axe           ||    60
       Headbutt          ||     9
Armor: Scale mail        ||    24
Dodge: Dodged            ||    23
Block: Shield            ||    31
       Reflection        ||     2

Table legend:
 A = Non-vault XP
 B = Vault XP
 C = Vault XP percentage of total XP
 D = Non-vault monster count
 E = Vault monster count
 F = Vault count percentage of total count
                 A         B        C        D         E       F
            +---------+---------+-------+---------+---------+-------
      Total |      63 |       0 |   0.0 |      33 |       0 |   0.0
            +---------+---------+-------+---------+---------+-------
        D:1 |      23 |       0 |   0.0 |      15 |       0 |   0.0
        D:2 |      40 |       0 |   0.0 |      18 |       0 |   0.0
            +---------+---------+-------+---------+---------+-------
